AoeStats
← AxingQuestions

Lombardia

509769298Analyzed
4v4 RM · 3d ago on Sep 28, 2026· 46m 1s· 8 players
Game mode
Random Map
Map size
Large (8 player)
Population
200
Speed
Normal
Resources
Standard
Victory
Conquest
Starting age
Dark Age
Ending age
Imperial Age
RankedLock teamsTeams togetherTeam positionsShared explorationLock speedFull tech treeHidden civsTurbo modeCheats
Victory
Defeat
🇪🇸 Italians · Spain
1243
+13
🇺🇸 Vikings · United States
1231
+14
🇧🇷 Berbers · Brazil
1203
+15
🇨🇳 Franks · China
1192
+15
🇨🇴 Sicilians · Colombia
1230
-17
🇺🇸 Saxons · United States
1175
-14
🇺🇸 Lithuanians · United States
1157
-13
🇨🇴 Teutons · Colombia
1153
-13
Flave Tycoon
6:42 Loom
9:08 Feudal Age
11:49 Double-Bit Axe
11:57 Horse Collar
21:18 Castle Age
19:37 Gold Mining
20:50 Bloodlines
22:16 Scale Barding Armor
22:23 Forging
24:34 Bow Saw
26:27 Wheelbarrow
26:24 Bow Saw
26:18 Heavy Plow
27:14 Town Watch
32:42 Imperial Age
30:54 Hand Cart
35:39 Chain Barding Armor
35:55 Iron Casting
35:50 Conscription
34:51 Elite Leitis
37:47 Plate Barding Armor
37:17 Husbandry
36:40 Cavalier
37:37 Caravan
38:40 Fletching
38:52 Padded Archer Armor
38:19 Paladin
40:08 Elite Skirmisher
40:56 Thumb Ring
41:58 Chemistry
41:21 Ballistics
42:01 Chemistry
42:21 Tower Shields
Little Monster
8:40 Loom
10:25 Feudal Age
11:28 Double-Bit Axe
15:37 Castle Age
14:29 Horse Collar
17:45 Wheelbarrow
18:08 Town Watch
23:50 Bow Saw
23:56 Hand Cart
23:56 Gold Mining
29:35 Imperial Age
27:12 Heavy Plow
27:25 Stone Mining
28:21 Hand Cart
28:54 Town Patrol
29:24 Masonry
29:48 Murder Holes
30:04 Fortified Wall
29:45 Arson
30:02 Squires
30:52 Fletching
31:02 Padded Archer Armor
32:15 Two-Man Saw
31:19 Cranequins
32:08 Thumb Ring
31:28 Crossbowman
32:14 Bodkin Arrow
32:34 Leather Archer Armor
32:42 Ballistics
32:36 Arbalester
33:18 Bracer
34:01 Leather Archer Armor
35:27 Ring Archer Armor
35:59 Chemistry
40:46 Conscription
Caballero Cruzado
1:15 Loom
11:07 Feudal Age
12:48 Wheelbarrow
13:26 Double-Bit Axe
18:44 Castle Age
18:26 Stone Mining
18:38 Gold Mining
18:43 Horse Collar
19:54 Bow Saw
21:23 Heavy Plow
24:29 Fletching
27:05 Hand Cart
27:13 Town Watch
28:36 Stone Shaft Mining
33:15 Imperial Age
31:37 Forging
31:27 Scale Mail Armor
31:33 Scale Barding Armor
33:04 Iron Casting
32:25 Bodkin Arrow
33:44 Chain Barding Armor
33:38 Bloodlines
35:17 Crenellations
35:19 Conscription
35:35 Hoardings
35:23 Ballistics
34:28 Cavalier
36:20 Fortified Wall
36:21 Masonry
37:12 Chemistry
37:38 Padded Archer Armor
37:07 Crossbowman
37:08 Elite Skirmisher
39:35 Two-Man Saw
38:58 Leather Archer Armor
38:55 Paladin
40:35 Ring Archer Armor
40:40 Conscription
dArkie™
7:53 Loom
10:10 Feudal Age
13:46 Double-Bit Axe
17:48 Castle Age
16:20 Horse Collar
22:07 Wheelbarrow
24:56 Bow Saw
25:50 Heavy Plow
28:54 Gold Mining
31:45 Imperial Age
30:23 Caravan
31:36 Bloodlines
31:28 Husbandry
30:56 Pikeman
31:38 Scale Mail Armor
33:09 Gold Shaft Mining
31:57 Cavalier
32:58 Forging
32:55 Scale Barding Armor
34:28 Fletching
34:39 Padded Archer Armor
35:33 Conscription
34:36 Crossbowman
35:23 Arbalester
35:58 Bodkin Arrow
36:19 Leather Archer Armor
37:21 Bracer
38:24 Chemistry
37:44 Ballistics
AxingQuestions
11:24 Feudal Age
12:27 Loom
14:17 Town Watch
14:41 Double-Bit Axe
17:41 Castle Age
16:31 Horse Collar
18:58 Bow Saw
19:50 Heavy Plow
24:15 Stone Mining
24:48 Gold Mining
27:39 Gold Shaft Mining
31:04 Imperial Age
29:11 Town Patrol
28:55 Treadmill Crane
29:12 Murder Holes
29:29 Masonry
31:21 Scale Mail Armor
31:32 Forging
32:19 Conscription
32:02 Chieftains
31:23 Elite Berserk
32:40 Hoardings
32:57 Architecture
33:01 Crop Rotation
34:04 Two-Man Saw
33:37 Squires
33:23 Arson
33:56 Chain Mail Armor
34:17 Iron Casting
34:42 Iron Casting
36:03 Plate Mail Armor
36:35 Blast Furnace
36:54 Elite Skirmisher
42:02 Fletching
42:15 Padded Archer Armor
YOU XXX
10:27 Feudal Age
9:48 Loom
12:18 Loom
14:56 Castle Age
13:06 Double-Bit Axe
13:02 Horse Collar
13:27 Loom
15:53 Bow Saw
17:14 Heavy Plow
24:20 Heavy Plow
25:29 Wheelbarrow
25:37 Town Watch
30:40 Imperial Age
28:44 Gold Mining
28:47 Stone Mining
29:00 Fletching
28:53 Treadmill Crane
29:34 Ballistics
29:52 Bodkin Arrow
29:57 Padded Archer Armor
31:13 Thumb Ring
32:34 Chemistry
31:38 Bracer
31:53 Leather Archer Armor
32:18 Conscription
32:06 Elite Genoese Crossbowman
34:13 Ring Archer Armor
34:20 Stone Shaft Mining
35:05 Town Patrol
40:24 Hand Cart
乌兰巴托
10:33 Feudal Age
11:11 Loom
15:16 Castle Age
14:33 Loom
17:06 Double-Bit Axe
23:39 Wheelbarrow
26:18 Hand Cart
28:13 Pikeman
28:53 Squires
28:39 Arson
29:12 Gold Mining
29:11 Treadmill Crane
31:04 Gold Shaft Mining
30:23 Stone Mining
30:47 Bow Saw
31:27 Caravan
34:36 Imperial Age
33:21 Town Watch
33:52 Forging
33:43 Scale Mail Armor
34:37 Elite Throwing Axeman
35:42 Conscription
36:05 Iron Casting
35:45 Chain Mail Armor
35:53 Ballistics
36:42 Chemistry
36:01 Chivalry
36:14 Scale Barding Armor
38:28 Siege Engineers
39:25 Blast Furnace
39:45 Plate Mail Armor
39:36 Chain Barding Armor
39:08 Fletching
39:21 Padded Archer Armor
DKT | Zeusrs
3:09 Loom
11:48 Feudal Age
15:53 Horse Collar
18:23 Castle Age
17:11 Double-Bit Axe
19:18 Stone Mining
20:42 Wheelbarrow
21:00 Bow Saw
24:06 Bloodlines
24:20 Town Watch
28:13 Forging
30:09 Hand Cart
30:24 Scale Barding Armor
30:55 Iron Casting
31:04 Gold Mining
35:06 Imperial Age
33:38 Husbandry
35:09 Chain Barding Armor
36:26 Conscription
35:31 Cavalier
37:14 Light Cavalry
40:56 Plate Barding Armor
41:22 Blast Furnace
40:37 Padded Archer Armor
43:33 Chemistry
43:19 Hussar
44:50 Heavy Camel Rider
Connection lost

Rejoining the realm…

Still unreachable

The connection could not be restored.

Session expired

The server has moved on; the page needs a fresh start.